Map: Thunderbird LE

Players

WindigoBly (Bly) - Winner!

  • Race: Zerg Zerg
  • League: Grandmaster
  • Spawn Location: 11:00

Bomber

  • Race: Terran Terran
  • Spawn Location: 5:00

Event: 2019 Assembly Summer

VOD

Have the link to the VOD?

Description

Time

  • Played on: Aug. 1, 2019, 12:05 p.m.
  • Length: 8:26

All games in this series

Show
View Real Time Build Order
Export as new Build Order

WindigoBly Zerg - Winner!

Build Orders: Hatch First 

Get SALT Encoding   

  12  0:01  Drone  
  13  0:12  Overlord  
  13  0:18  Drone  
  14  0:30  Drone x2  
  16  0:48  Hatchery  
  15  0:51  Drone  
  15  0:55  Drone  
  17  0:59  Drone  
  18  1:09  Extractor  
  17  1:13  Spawning Pool  
  17  1:16  Drone  
  17  1:20  Drone  
  18  1:28  Drone  
  19  1:39  Drone  
  20  1:49  Overlord  
  20  2:00  Queen x2  
  24  2:02  Zergling x4  
  26  2:10  Drone  
  26  2:11  Drone  
  26  2:13  Metabolic Boost  
  28  2:24  Drone x2  
  30  2:33  Hatchery  
  30  2:36  Drone  
  30  2:39  Drone  
  30  2:43  Drone  
  32  2:45  Overlord  
  32  2:57  Roach Warren  
  31  2:59  Drone x2  
  33  3:11  Drone  
  33  3:12  Drone x2, Overlord  
  36  3:16  Overlord  
  36  3:23  Overlord  
  35  3:32  Overlord  
  35  3:33  Overlord  
  35  3:39  Roach  
  35  3:40  Roach x2  
  41  3:43  Roach x2  
  41  3:46  Roach  
  46  3:54  Zergling x8  
  46  3:55  Zergling x2  
  51  3:56  Zergling x2  
  52  4:09  Zergling x8  
  56  4:11  Queen  
  56  4:15  Extractor  
  58  4:17  Zergling x4  
  59  4:27  Overlord  
  59  4:29  Zergling x8  
  63  4:35  Drone x2  
  63  4:36  Drone  
  65  4:58  Drone  
  65  4:59  Drone  
  60  5:04  Drone x9  
  61  5:10  Drone  
  61  5:12  Queen  
  56  5:31  Drone x7  
  56  5:33  Extractor  
  60  5:38  Lair  
  60  5:39  Extractor  
  60  5:41  Drone  
  58  5:43  Drone x3  
  58  5:44  Drone x5  
  66  5:56  Evolution Chamber  
  65  5:59  Drone x2  
  65  6:00  Drone x2  
  69  6:09  Drone x5  
  69  6:10  Hatchery  
  69  6:11  Drone x3  
  76  6:15  Extractor x2  
  74  6:24  Zerg Missile Weapons Level 1  
  74  6:28  Overlord x2  
  74  6:29  Roach x4  
  74  6:32  Roach  
  84  6:36  Spore Crawler  
  84  6:39  Roach x2  
  87  6:42  Glial Reconstitution  
  87  6:44  Roach x5  
  96  6:53  Infestation Pit  
  96  6:58  Roach x4  
  104  7:02  Nydus Network  
  104  7:07  Drone  
  104  7:10  Overlord  
  104  7:11  Zergling x8  
  108  7:19  Roach x3  
  108  7:20  Overlord  
  108  7:21  Overlord  
  108  7:22  Overlord  
  108  7:34  Roach x7  
  118  7:39  Overlord  
  118  7:42  Nydus Canal  
  118  7:43  Roach  
  118  7:44  Roach x6  
  128  7:53  Roach, Swarm Host  
  128  7:54  Roach x3  
  135  8:01  Nydus Canal  
  135  8:07  Roach  
  131  8:15  Nydus Canal  
Show
View Real Time Build Order
Export as new Build Order

Bomber Terran 

Build Orders: Reaper Expand, Mech 

Get SALT Encoding   

  12  0:00  SCV  
  13  0:12  SCV  
  14  0:17  Supply Depot  
  14  0:25  SCV  
  15  0:38  SCV  
  15  0:39  Barracks  
  16  0:44  Refinery  
  16  0:50  SCV  
  17  1:02  SCV  
  18  1:14  SCV  
  19  1:27  Orbital Command  
  19  1:28  Reaper  
  20  1:37  Command Center  
  20  1:46  Supply Depot  
  20  1:53  SCV  
  21  2:01  Barracks Reactor  
  21  2:05  SCV  
  22  2:17  SCV  
  22  2:22  Command Center  
  23  2:29  SCV  
  24  2:32  Factory  
  24  2:40  Marine x2  
  24  2:41  SCV  
  24  2:43  Refinery  
  27  2:51  Orbital Command  
  27  2:53  SCV  
  28  3:06  SCV  
  29  3:18  SCV  
  32  3:20  SCV  
  31  3:30  SCV  
  31  3:32  SCV  
  31  3:35  Hellion x2  
  35  3:42  Orbital Command, SCV  
  35  3:44  Barracks Tech Lab, SCV  
  35  3:47  Factory  
  37  3:54  SCV  
  38  3:56  Hellion x2, SCV  
  43  4:04  Factory  
  43  4:06  SCV  
  43  4:09  SCV x2  
  46  4:11  Supply Depot  
  46  4:14  Barracks Tech Lab  
  46  4:17  Orbital Command  
  46  4:18  Hellion, SCV  
  46  4:19  Hellion  
  46  4:21  SCV  
  52  4:26  Bunker  
  52  4:30  Bunker  
  52  4:33  Marauder  
  54  4:38  Siege Tank  
  54  4:39  Hellion  
  54  4:40  Hellion  
  54  4:42  SCV x2  
  54  4:45  Bunker  
  61  4:54  Orbital Command  
  61  4:59  SCV  
  49  5:06  SCV  
  41  5:12  SCV  
  46  5:14  Hellion x2  
  46  5:18  SCV  
  46  5:20  SCV  
  48  5:24  SCV  
  45  5:30  SCV  
  45  5:33  SCV  
  47  5:36  Cyclone x2, SCV  
  47  5:37  Mag-Field Accelerator  
  47  5:38  Hellion x2  
  47  5:42  SCV  
  53  5:45  SCV  
  53  5:48  SCV  
  55  5:52  Refinery  
  55  5:53  Refinery  
  55  5:54  SCV  
  55  5:57  Supply Depot, SCV  
  56  6:00  Supply Depot, SCV  
  58  6:06  SCV  
  58  6:09  SCV  
  58  6:11  Supply Depot  
  60  6:12  SCV  
  68  6:18  Cyclone, Hellion x2, SCV  
  68  6:22  SCV  
  68  6:23  Supply Depot  
  68  6:24  SCV  
  71  6:28  Cyclone  
  71  6:30  SCV  
  75  6:33  Supply Depot  
  75  6:34  SCV  
  75  6:36  SCV  
  75  6:38  Armory  
  77  6:42  Hellion x2  
  77  6:43  SCV  
  77  6:46  SCV  
  83  6:48  SCV  
  83  6:50  Cyclone  
  83  6:53  Factory  
  87  6:55  SCV  
  87  6:58  SCV  
  87  7:00  SCV  
  89  7:01  Supply Depot  
  89  7:05  Refinery  
  89  7:06  Refinery  
  89  7:07  SCV  
  90  7:10  SCV  
  90  7:11  Cyclone  
  90  7:12  Hellion  
  90  7:13  Barracks Tech Lab, SCV  
  97  7:19  SCV  
  101  7:22  Cyclone  
  101  7:23  Hellion, SCV  
  101  7:25  SCV  
  101  7:27  Armory  
  102  7:31  SCV  
  102  7:33  Hellion  
  102  7:35  SCV  
  101  7:39  SCV  
  101  7:43  SCV  
  101  7:49  Siege Tank, Barracks Tech Lab  
  101  7:50  Hellion, SCV  
  101  7:51  SCV  
  108  7:52  Factory  
  108  7:54  Command Center  
  109  8:00  Supply Depot  
  109  8:01  Supply Depot, SCV  
  109  8:03  Supply Depot  
  108  8:05  SCV  
  108  8:09  SCV  
Tags
 
Add a new tag
Caveats
  • Supply blocks, unpowered buildings, or Contaminate may cause inaccurate times.
  • Supply counts are checked every 10 seconds.